 Dungeon Crawl Stone Soup version 0.32-a0-859-gb0a091d592 (webtiles) character file.

Game seed: 5078194360635737579

1723528 adelrune the Cat of Death (level 24, 13/120 HPs)
             Began as a Felid Summoner on Mar 25, 2024.
             Was the Champion of Jiyva.
             Escaped with the Orb
             ... and 3 runes on Mar 27, 2024!
             The game lasted 07:49:48 (60406 turns).

adelrune the Cat of Death (Felid Summoner)         Turns: 60406, Time: 07:49:49

Health: 13/120     AC:  5    Str: 14    XL:     24   Next: 46%
Magic:  46/46      EV: 35    Int: 29    God:    Jiyva [******]
Gold:   2981       SH:  5    Dex: 20    Spells: 2/59 levels left
                                        Lives:  0   Deaths: 8

rFire   + . .        (weapon unavailable)
rCold   + + +        (shield unavailable)
rNeg    . . .        (body armour unavailable)
rPois   .            (helmet unavailable)
rElec   +            (cloak unavailable)
rCorr   +            (gloves unavailable)
SInv    +            (boots unavailable)
Will    +++..        O - amulet of reflection
Stlth   +            R - ring of wizardry
HPRegen 2.00/turn    P - ring of Conformity {Ice Int+4 Dex+3}
MPRegen 1.10/turn

%: reflection, wizardry (x1)
@: in death's door (expiring), glowing
A: very small, claws 1, fangs 3, see invisible, shaggy fur 3, stealthy paws, no
weapons or thrown items, no armour, multi-lived, iridescent scales 1, cold
resistance 1, deterioration 1, fire resistance 2, sense surroundings 3,
electricity resistance, strong 2, wild magic 1, pseudopods 1, jelly sensing
items
0: Orb of Zot
}: 3/15 runes: serpentine, barnacled, slimy
a: Renounce Religion, Oozemancy, Slimify


You escaped.
You worshipped Jiyva.
Jiyva was exalted by your worship.
You visited 12 branches of the dungeon, and saw 54 of its levels.
You also visited: Volcano.

You collected 5010 gold pieces.
You spent 2029 gold pieces at shops.

Inventory:

Jewellery
 a - a ring of protection from fire
 m - an amulet of regeneration
 s - a +4 ring of protection
 v - a +6 ring of dexterity
 z - a +6 ring of strength
 E - a ring of flight
 O - an amulet of reflection (around neck)
 P - the ring of Conformity (right paw) {Ice Int+4 Dex+3}
   (You took it off Josephina on level 2 of the Depths)

   [ring of ice]

   Ice:       It enhances your ice magic.
   Int+4:     It affects your intelligence (+4).
   Dex+3:     It affects your dexterity (+3).
   rF-:       It makes you vulnerable to fire.
   rC+:       It protects you from cold.
 Q - the ring of Wuafasil {rF+ Dex+3 Slay+5 SInv}
   (You found it on level 5 of the Pits of Slime)

   [ring of see invisible]

   Dex+3:     It affects your dexterity (+3).
   Slay+5:    It affects your accuracy & damage with ranged weapons and melee
   (+5).
   rF+:       It protects you from fire.
   SInv:      It lets you see invisible.
 R - a ring of wizardry (left paw)
 S - the ring "Onuiq" {rPois rN++ Str-5 Dex-4 SInv}
   (You took it off a deep elf annihilator on level 3 of the Elven Halls)

   [ring of see invisible]

   Str-5:     It affects your strength (-5).
   Dex-4:     It affects your dexterity (-4).
   rPois:     It protects you from poison.
   rN++:      It greatly protects you from negative energy.
   SInv:      It lets you see invisible.
 U - an amulet of magic regeneration
 W - the ring "Rarph" {Fire Will+ Int+2}
   (You took it off a deep elf death mage on level 3 of the Elven Halls)

   [ring of fire]

   Fire:      It enhances your fire magic.
   Int+2:     It affects your intelligence (+2).
   rF+:       It protects you from fire.
   rC-:       It makes you vulnerable to cold.
   Will+:     It increases your willpower.
Wands
 b - a wand of paralysis (21)
 e - a wand of polymorph (20)
 y - a wand of warping (20)
 L - a wand of mindburst (11)
 T - a wand of light (6)
Scrolls
 c - a scroll of blinking
 d - 8 scrolls of vulnerability
 f - 7 scrolls of amnesia
 h - 3 scrolls of butterflies
 i - 8 scrolls of immolation
 k - 8 scrolls of teleportation
 n - 13 scrolls of identify
 p - 4 scrolls of noise
 u - 10 scrolls of poison
 w - 8 scrolls of torment
 I - 3 scrolls of fog
 K - 3 scrolls of fear
 Z - 3 scrolls of enchant armour
Potions
 g - 2 potions of cancellation
 j - 4 potions of curing
 l - 4 potions of ambrosia
 o - 3 potions of attraction
 r - a potion of magic
 t - 2 potions of heal wounds
 x - 2 potions of resistance
 B - a potion of haste
 C - 4 potions of lignification
 D - 4 potions of might
 F - 7 potions of enlightenment
 J - 3 potions of brilliance
 V - a potion of berserk rage
 X - a potion of invisibility
 Y - a potion of mutation
Miscellaneous
 G - a phial of floods
 H - a tin of tremorstones (2/2)
 M - a phantom mirror
 N - a lightning rod (4/4)


   Skills:
 - Level 10.0 Fighting
 + Level 21.2 Dodging
 - Level 10.0 Stealth
 - Level 18.1 Spellcasting
 - Level 13.5 Summonings
 O Level 27 Necromancy
 - Level 5.0 Fire Magic
 * Level 20.9 Air Magic
 - Level 4.0 Evocations


You had 2 spell levels left.
You knew the following spells:

 Your Spells              Type           Power      Damage    Failure   Level
a - Dispel Undead         Necr           100%       3d31      1%          4
b - Death's Door          Necr           63%        N/A       1%          9
c - Maxwell's Capacitive  Air            56%        ∞         1%          8
d - Blink                 Tloc           68%        N/A       1%          2
e - Animate Dead          Necr           100%       N/A       1%          4
f - Death Channel         Necr           63%        N/A       1%          6
g - Haunt                 Necr/Summ      56%        N/A       1%          7
h - Borgnjor's Vile Clut  Necr/Erth      47%        N/A       1%          5
i - Infestation           Necr           63%        N/A       1%          8
j - Anguish               Hex/Necr       47%        N/A       1%          4

Your spell library contained the following spells:

 Spells                   Type           Power      Damage    Failure   Level
 Apportation              Tloc           68%        N/A       1%          1
 Foxfire                  Conj/Fire      100%       2x1d9     1%          1
 Kiss of Death            Conj/Necr      100%       2d13      1%          1
 Magic Dart               Conj           100%       1d8       1%          1
 Necrotise                Necr           100%       1d9       1%          1
 Sandblast                Erth           68%        2d15      1%          1
 Shock                    Conj/Air       100%       1d9       1%          1
 Sting                    Conj/Alch      100%       1d9       1%          1
 Summon Small Mammal      Summ           100%       N/A       1%          1
 Call Imp                 Summ           100%       N/A       1%          2
 Cigotuvi's Dreadful Rot  Necr/Alch/Air  100%       N/A       1%          2
 Ensorcelled Hibernation  Hex/Ice        100%       N/A       1%          2
 Mercury Vapours          Alch/Air       100%       N/A       1%          2
 Momentum Strike          Conj/Tloc      68%        3d9       1%          2
 Scorch                   Fire           100%       2d9       1%          2
 Searing Ray              Conj           68%        2d6       1%          2
 Sublimation of Blood     Necr           100%       N/A       1%          2
 Call Canine Familiar     Summ           94%        N/A       1%          3
 Fugue of the Fallen      Necr           100%       N/A       1%          3
 Swiftness                Air            100%       N/A       1%          3
 Airstrike                Air            56%        2d(9-25)  1%          4
 Martyr's Knell           Necr/Summ      100%       N/A       1%          4
 Summon Blazeheart Golem  Fire/Summ      81%        N/A       1%          4
 Summon Lightning Spire   Summ/Air       100%       N/A       1%          4
 Vhi's Electric Charge    Tloc/Air       100%       N/A       1%          4
 Arcjolt                  Conj/Air       42%        1d52      1%          5
 Curse of Agony           Necr           100%       N/A       1%          5
 Freezing Cloud           Conj/Ice/Air   46%        6-21      1%          5
 Summon Mana Viper        Hex/Summ       71%        N/A       1%          5
 Plasma Beam              Fire/Air       46%        2x1d61    1%          6
 Summon Cactus Giant      Summ           47%        N/A       1%          6
 Borgnjor's Revivificati  Necr           63%        N/A       1%          8
 Confusing Touch          Hex            34%        N/A       3%          3
 Dazzling Flash           Conj/Hex       68%        N/A       3%          3
 Ozocubu's Armour         Ice            50%        N/A       3%          3
 Passwall                 Erth           34%        N/A       3%          3
 Sigil of Binding         Hex            34%        N/A       3%          3
 Stone Arrow              Conj/Erth      68%        3d11      3%          3
 Tukima's Dance           Hex            34%        N/A       3%          3
 Flame Wave               Conj/Fire      52%        2d13      4%          4
 Ignite Poison            Fire/Alch      52%        N/A       4%          4
 Brom's Barrelling Bould  Conj/Erth      34%        2d5       9%          4
 Cause Fear               Hex            17%        N/A       9%          4
 Fulminant Prism          Conj/Alch      17%        3d11      9%          4
 Iskenderun's Mystic Bla Conj/Tloc 34%            2d8        (+2d4     9%          4
 Olgreb's Toxic Radiance  Alch           34%        N/A       9%          4
 Passage of Golubria      Tloc           34%        N/A       9%          4
 Petrify                  Alch/Erth      34%        N/A       9%          4
 Fireball                 Conj/Fire      26%        3d12      9%          5
 Irradiate                Conj/Alch      17%        3d17      22%         5
 Yara's Violent Unravell  Hex/Alch       17%        3d8       22%         5
 Starburst                Conj/Fire      26%        6d8       38%         6
 Malign Gateway           Summ/Tloc      35%        N/A       38%         7
 Spellforged Servitor     Conj/Summ      35%        N/A       38%         7
 Bombard                  Conj/Erth      17%        9d3       71%         6
 Sculpt Simulacrum        Ice/Alch       25%        N/A       71%         6
 Dragon's Call            Summ           47%        N/A       95%         9
 Enfeeble                 Hex            17%        N/A       99%         7
 Manifold Assault         Tloc           17%        N/A       99%         7
 Orb of Destruction       Conj           17%        9d7       99%         7
 Dimensional Bullseye     Hex/Tloc       Unusable   N/A       N/A         4

Dungeon Overview and Level Annotations

Branches:
Dungeon (15/15)            Temple (1/1) D:6            Lair (5/5) D:9
 Shoals (4/4) Lair:2        Snake (4/4) Lair:3        Slime (5/5) Lair:5
    Orc (2/2) D:12            Elf (3/3) Orc:2        Vaults (4/5) D:13
  Crypt (2/3) Vaults:2     Depths (4/4) D:15            Zot (5/5) Depths:4
Volcano (visited)

Altars:
Ashenzari
Cheibriados
Dithmenos
Elyvilon
Fedhas
Gozag
Hepliaklqana
Kikubaaqudgha
Makhleb
Nemelex Xobeh
Okawaru
Qazlal
Ru
Sif Muna
Trog
Uskayaw
Vehumet
Wu Jian
Xom
Yredelemnul
Zin
The Shining One
Beogh
Jiyva

Shops:
D:3 !   D:4 ?   D:7 (   Orc:2 *[[(   Elf:2 [   Shoals:2 ?   Snake:4 ==
Depths:1 **

Portals:
Hell: Depths:1 Depths:2 Depths:3 Depths:4
Abyss: Depths:1 Depths:2 Depths:3
Pandemonium: Depths:2 Depths:3
Ziggurat: Depths:1
Trove: D:11 (give 12 potions of heal wounds)

Annotations:
D:10 2 transporters
D:11 1 exclusion
D:12 Frances
Temple 2 transporters
Slime:5 Royal Jelly
Crypt:2 Mennas
Zot:5 1 runed translucent door, exclusion: obsidian statue, GNSpeed's ghost, master MiFi


Innate Abilities, Weirdness & Mutations

You have sharp claws.
You have razor-sharp teeth.
You have supernaturally acute eyesight. (SInv)
Your thick and shaggy fur keeps you warm. (AC +3, rC+)
Your paws help you pounce on unaware monsters.
You are incapable of wielding weapons or throwing items.
You cannot wear armour.
You gain extra lives every three experience levels.
You are partially covered in iridescent scales. (AC +2)
Your flesh is cold resistant. (rC+)
Your body sometimes deteriorates upon taking damage.
Your flesh is very heat resistant. (rF++)
You passively map a large area around you.
You are resistant to electric shocks. (rElec)
Your muscles are very strong. (Str +8, Int/Dex -2)
Your spells are a little harder to cast, but a little more powerful.
Armour fits poorly on your pseudopods.
You have a small jelly attached to you that senses nearby items.


Message History

5 stones; a +0 short sword; a kobold skeleton
There is a stone staircase leading up here.
You climb upwards.
There is a stone staircase leading down here.
There is an open door, spattered with blood here.
A seraph, an angel and 2 daevas come into view.
The seraph is wielding a +3 great sword of flaming.
A daeva is wielding a +2 eudemon blade of holy wrath.
The angel is wielding a +3 whip of holy wrath.
A daeva is wielding a +4 scimitar of holy wrath.
Press: ? - help, v - describe, . - travel
Here: a seraph, wielding a +3 great sword of flaming and wearing +0 pearl dragon scales (haloed)
The floor.
You feel yourself speed up.
The daeva shouts!
The angel shouts!
The daeva shouts!
You open the door.
The seraph gestures.
The seraph begins to accept its allies' injuries.
The daeva calls down the wrath of the Shining One upon you.
The Shining One smites you!
The seraph gestures.
There is an open door here.
The seraph gestures.
The seraph begins to accept its allies' injuries.
There is a stone staircase leading up here.
You climb upwards.
There is a stone staircase leading down here.
A Tzitzimitl comes into view.
Casting: Haunt (dangerous; 1% risk of failure)
Confirm with . or Enter, or press ? or * to list all spells.
Okay, then.
Casting: Haunt (dangerous; 1% risk of failure)
Confirm with . or Enter, or press ? or * to list all spells.
You stand defiantly in death's doorway!
You seem to hear sand running through an hourglass...
Your extra speed is starting to run out.
The Tzitzimitl gestures at you. The bolt of negative energy misses you.
A daeva comes into view.
It is wielding a +4 eudemon blade of holy wrath.
There is an open door here.
You feel yourself slow down.
Your time is quickly running out!
There is a staircase leading out of the dungeon here.
You have escaped!

#.# #.### #.## #. #.#
#...######..# #. #.#
##.#..%......# #. #.#
#..#.....1...# #. #.#
#.##.........# #. #.#
#......###...# #. #.#
###...##.##..# #. #.#
#..1#...#..### #.
#.#######...'A@.+....# #.
#.§§...##...#...#..#.# #.
######†##...##.##..#.# #.
######.##....###...#.# #.
#..................#.# #.
#.####.##..........#.# ##.
#.# #.##..........#.###
##.. #.#
#.#####.#.........#####...
#.# #.#
#.#.###.#...........


You could see a daeva and a Tzitzimitl.

Vanquished Creatures
  An orb of fire (Zot:4)
  An ancient lich (Depths:2)
  A juggernaut (Depths:4)
  Sojobo (Depths:1)
  Boris (Depths:2)
  A curse toe (Zot:2)
  3 caustic shrikes (Depths:4)
  4 golden dragons
  the Enchantress (Depths:3)
  A bone dragon (Zot:2)
  2 tentacled monstrosities
  4 Orb Guardians
  A deep elf blademaster (Elf:3)
  4 death cobs
  A shadow dragon (Zot:5)
  2 tengu reavers
  2 storm dragons
  2 draconian monks
  3 protean progenitors
  An iron dragon (Depths:3)
  3 draconian knights
  5 draconian scorchers
  A fire giant (Depths:3)
  2 draconian shifters
  5 frost giants
  4 ghost moths
  A draconian stormcaller (Zot:3)
  3 draconian annihilators
  An orc warlord (Elf:1)
  2 spriggan defenders
  4 ironbound preservers
  2 stone giants (Depths:3)
  5 black draconians
  2 vampire knights
  A green draconian (Zot:3)
  2 purple draconians (Depths:4)
  A deep elf demonologist (Elf:3)
  5 red draconians
  2 deep elf death magi (Elf:3)
  2 yellow draconians
  5 white draconians
  A spark wasp (Depths:2)
  An eidolon (Crypt:1)
  Snorg (D:12)
  An ettin (Depths:4)
  6 hydras
  A great orb of eyes (Slime:2)
  A vault guard (D:13)
  Erolcha (Orc:1)
  2 ice dragons
  A peacekeeper (Vaults:3)
  An ironbound frostheart (Vaults:1)
  An anaconda (Snake:2)
  5 spriggan air magi
  A death knight (D:14)
  4 dancing weapons
  6 two-headed ogres
  A deep troll shaman (Depths:3)
  2 radroaches (Zot:1)
  Urug (Orc:2)
  7 death yaks
  A tengu warrior (D:14)
  3 deep troll earth magi
  3 vampire magi
  2 naga warriors
  A shock serpent (Snake:2)
  An orc high priest (Orc:1)
  Nergalle (Lair:2)
  4 hell knights (Depths:3)
  3 deep elf knights
  Sonja (Lair:3)
  3 iron trolls
  A skyshark (Lair:2)
  4 skeletal warriors (Crypt:1)
  5 deep trolls
  A flayed ghost (Depths:2)
  A ghost moth zombie (Crypt:1)
  An ironbound convoker (Vaults:1)
  An orange crystal statue (Depths:1)
  A deep elf pyromancer (Elf:2)
  A deep elf archer (Elf:3)
  2 orc knights
  The ghost of RockinRobin the Shield-Bearer, a novice FoFi of Okawaru (D:6)
  A necromancer (Depths:2)
  3 ugly things
  2 salamanders (Snake:2)
  2 orc sorcerers
  7 elephants
  4 moths of wrath
  A kobold blastminer (Orc:2)
  A rust devil (D:11)
  2 vault sentinels
  4 black mambas
  An orange demon (D:8)
  3 komodo dragons
  A freezing wraith (D:14)
  3 tengu conjurers (Depths:2)
  2 yaktaurs (Vaults:4)
  3 trolls
  A hornet (Lair:2)
  A polar bear (Lair:3)
  A tyrant leech (Zot:4)
  2 wraiths (Crypt:1)
  2 spriggans (Depths:3)
  4 fire elementals (Zot:3)
  2 vampires
  20 yaks
  A basilisk (D:9)
  6 wargs
  2 humans (D:13)
  4 vampire mosquitoes
  2 nagas
  2 water moccasins
  16 orc warriors
  2 dream sheep zombies (Lair:4)
  3 blink frog zombies (Lair:4)
  4 ogres
  A boggart (Vaults:2)
  14 wolves
  3 elephant zombies (Lair:4)
  A nameless horror (D:5)
  3 kobold brigands (D:8)
  A bullfrog (Lair:4)
  A gnoll sergeant (D:9)
  A water moccasin zombie (Lair:4)
  A warg zombie (Orc:2)
  2 wights (D:8)
  A polar bear zombie (Lair:4)
  A naga zombie (Snake:2)
  A killer bee (D:9)
  8 wolf zombies
  2 yak zombies
  4 orc priests
  2 orc wizards (Orc:1)
  3 ogre zombies
  A gnoll (D:8)
  A steam dragon zombie (Lair:3)
  11 orcs
  A kobold (D:9)
  14 orc zombies
  An aspiring flesh (Zot:4)
376 creatures vanquished.

Vanquished Creatures (collateral kills)
  Josephina (Depths:2)
  Saint Roka (Depths:1)
  4 caustic shrikes
  Norris (Depths:2)
  4 golden dragons
  A bone dragon (Depths:4)
  2 doom hounds (Zot:2)
  3 tentacled monstrosities
  2 deep elf blademasters
  2 Orb Guardians (Zot:5)
  A lich (Depths:1)
  Mlioglotl (Shoals:1)
  3 quicksilver dragons
  A titan (Depths:2)
  2 deep elf master archers (Elf:3)
  4 death cobs
  2 sphinxes (Shoals:4)
  3 acid blobs
  A shadow dragon (Zot:2)
  An ancient champion (Crypt:1)
  A kraken (Shoals:2)
  Aizul (Snake:3)
  5 protean progenitors
  3 tengu reavers
  5 storm dragons
  3 nagarajas
  2 draconian knights
  The ghost of Sarer the Severer, a journeyman MiBe of Trog (D:14)
  3 rockslimes
  4 draconian monks
  3 fire giants
  An iron dragon (Depths:2)
  7 deep elf sorcerers (Elf:3)
  5 frost giants
  6 vault wardens
  3 deep elf elementalists (Elf:3)
  3 draconian scorchers
  4 orc warlords
  10 ironbound preservers
  A draconian stormcaller (Zot:4)
  A juggernaut zombie (Depths:2)
  A ghost moth (Zot:2)
  6 quicksilver oozes
  4 draconian annihilators
  8 stone giants
  A formless jellyfish (Slime:5)
  2 spriggan defenders
  4 vampire knights (Depths:2)
  8 very ugly things (Depths:2)
  3 ironbound thunderhulks
  7 deep elf demonologists
  7 deep elf death magi
  The ghost of particleface the Severer, a journeyman CoBe of Trog (Lair:4)
  10 deep elf annihilators
  4 purple draconians
  5 green draconians
  7 black draconians
  2 minotaurs (Shoals:4)
  16 red draconians
  A war gargoyle (Vaults:2)
  5 white draconians
  Azrael (D:15)
  3 spark wasps (Depths:4)
  7 dire elephants
  6 yellow draconians
  4 ettins
  A jiangshi (Depths:2)
  A green death (Depths:3)
  4 merfolk impalers
  5 crystal guardians
  11 fire dragons
  An entropy weaver (shapeshifter) (Elf:2)
  5 deep elf high priests (Elf:3)
  5 yaktaur captains
  A great orb of eyes (Slime:5)
  3 hydras
  2 peacekeepers (Vaults:2)
  5 vault guards
  3 spriggan air magi
  7 rakshasas
  3 salamander tyrants
  10 centaur warriors
  5 ironbound frosthearts
  5 ice dragons
  10 two-headed ogres
  3 ogre magi
  7 anacondas
  A radroach (Zot:3)
  A death knight (Crypt:1)
  2 merfolk aquamancers
  2 alligator snapping turtles
  2 catoblepae (Lair:5)
  23 dancing weapons
  12 satyrs
  9 tengu warriors
  3 deep troll shamans
  2 boulder beetles
  A vampire mage (Depths:2)
  A merfolk avatar (Shoals:1)
  The ghost of avangion the Fighter, a novice DjFE of Makhleb (D:8)
  18 death yaks
  7 shock serpents
  8 deep troll earth magi
  5 spriggan berserkers
  4 orc high priests
  3 soul eaters
  A demonic crawler (D:15)
  12 naga sharpshooters
  8 hell knights
  3 occultists
  10 deep elf knights
  10 naga warriors
  7 skeletal warriors
  3 iron trolls
  Amaemon (D:8)
  7 salamander mystics
  12 skysharks
  2 death drakes (Zot:2)
  9 mana vipers
  13 sea snakes
  52 deep trolls
  6 ironbound convokers
  4 arcanists
  A shadow demon (D:15)
  A spriggan simulacrum (Depths:2)
  8 naga ritualists
  8 deep elf archers
  8 lindwurms
  18 deep elf zephyrmancers
  2 obsidian bats (Orc:2)
  An ugly thing zombie (D:12)
  10 harpies
  2 thermic dynamos (Elf:2)
  9 necromancers
  2 phantasmal warriors
  27 deep elf pyromancers
  A shining eye (Slime:1)
  8 ugly things
  8 cyclopes
  16 fauns
  16 orc knights
  5 orc sorcerers
  22 manticores
  A moth of wrath (shapeshifter) (Depths:1)
  10 elephants
  21 salamanders
  5 guardian serpents
  13 moths of wrath
  5 kobold blastminers (Orc:2)
  7 merfolk sirens
  13 naga magi
  2 water nymphs
  8 vault sentinels
  A smoke demon (D:11)
  20 black mambas
  A shock serpent skeleton (Crypt:1)
  3 torpor snails
  11 cane toads
  2 efreet
  2 rime drakes (Lair:3)
  A nameless horror (D:15)
  2 kobold demonologists
  Maggie (D:10)
  2 unseen horrors
  5 komodo dragons
  A catoblepas zombie (Crypt:1)
  2 freezing wraiths
  10 yaktaurs
  A tormentor (Depths:3)
  4 tengu conjurers
  An unseen horror skeleton (Crypt:1)
  2 trolls
  16 merfolk
  8 wind drakes
  A hellwing (D:11)
  3 polar bears
  A glass eye (Slime:5)
  A tengu simulacrum (Depths:2)
  4 hornets
  A raiju (shapeshifter) (D:13)
  7 blink frogs
  11 snapping turtles
  14 dream sheep
  2 frost giant simulacra (Depths:2)
  3 black mamba zombies (Snake:1)
  A spriggan (shapeshifter) (Elf:3)
  A shadow (D:11)
  50 slime creatures
  9 water elementals
  3 wyverns
  32 yaks
  3 basilisks
  7 spriggans (Lair:4)
  A vampire (D:10)
  15 fire elementals
  3 wargs (Orc:2)
  Eustachio (D:5)
  3 steam dragons
  2 wraiths
  3 golden eyes (Slime:3)
  14 humans (D:13)
  A vampire mosquito (D:12)
  2 tengu zombies
  7 water moccasins
  38 nagas
  An acid dragon (D:8)
  3 hell hounds
  3 black bears
  A faun skeleton (Crypt:1)
  A demonspawn skeleton (Crypt:1)
  38 orc warriors
  An ice beast (D:6)
  2 sky beasts
  An elf zombie (D:15)
  14 wolves
  7 centaurs
  8 ogres
  3 phantoms
  11 kobold brigands
  8 bullfrogs
  A cyclops zombie (D:14)
  2 earth elementals
  A gnoll sergeant (D:13)
  A scorpion (D:5)
  2 wights (D:8)
  3 troll zombies (D:12)
  7 killer bees (D:9)
  5 howler monkeys
  A vampire bat (D:3)
  8 crimson imps (D:7)
  2 human zombies (D:13)
  25 orc priests
  4 hounds
  2 jellies
  A bombardier beetle (D:5)
  A sleepcap (D:8)
  2 gnoll boudas
  Ijyb (D:4)
  Natasha (D:2)
  6 iguanas
  22 orc wizards
  A naga zombie (Snake:2)
  7 ogre zombies
  10 gnolls
  9 adders
  A shadow imp (D:7)
  3 white imps
  3 ufetubi
  7 dart slugs
  3 fire bats (D:3)
  2 ribbon worms
  86 orcs
  2 spectral bats (D:3)
  3 bat skeletons (D:3)
  A bat zombie (D:3)
  5 endoplasms
  6 giant cockroaches
  3 gnoll zombies (D:12)
  12 goblins
  6 hobgoblins
  3 jackals (D:3)
  22 kobolds
  2 quokkas (D:3)
  10 ball pythons
  14 bats
  A bat simulacrum (D:3)
  5 frilled lizards
  A frilled lizard skeleton (Crypt:1)
  2 gnoll skeletons (D:12)
  3 orc skeletons (D:12)
  23 orc zombies
  4 rats
  2 aspiring fleshes
  A tentacle (Shoals:2)
1658 creatures vanquished.

Vanquished Creatures (others)
  16 acid blobs
  6 rockslimes
  4 azure jellies
  A juggernaut zombie (Depths:4)
  7 quicksilver oozes
  5 formless jellyfish
  A rockslime zombie (Slime:5)
  A dire elephant (Vaults:2)
  An acid blob zombie (Slime:5)
  2 yaktaur captains (Vaults:1)
  A jiangshi (Depths:2)
  11 great orbs of eyes
  6 glowing orange brains
  A peacekeeper (Vaults:2)
  An ogre mage (Vaults:1)
  3 ironbound frosthearts
  A quicksilver ooze zombie (Slime:5)
  A deep elf knight (Elf:2)
  2 anaconda zombies
  4 deep trolls (Vaults:2)
  2 lindwurms (Vaults:1)
  An arcanist (Vaults:3)
  2 necromancers
  2 ugly thing zombies (D:14)
  A stone giant zombie (Depths:2)
  2 deep elf pyromancers
  An iron dragon zombie (Depths:3)
  2 frost giant zombies
  An ugly thing (Depths:2)
  A meliai (Depths:2)
  2 mana viper zombies
  A black mamba (Snake:4)
  2 vault sentinels
  2 unseen horror zombies
  4 death yak zombies
  4 yaktaurs
  2 tengu conjurers
  An iron troll zombie (Depths:3)
  A hydra zombie (D:15)
  A harpy zombie (Shoals:4)
  2 great orb of eyes zombies
  A nameless horror (Vaults:2)
  2 guardian serpent zombies
  2 glass eyes (Depths:4)
  5 black mamba zombies
  28 slime creatures
  11 slime creature zombies
  A basilisk (D:13)
  2 tengu zombies
  9 deep troll zombies
  A naga (Vaults:1)
  A merfolk zombie (Shoals:2)
  8 human zombies
  4 two-headed ogre zombies
  A cane toad zombie (Lair:4)
  A skyshark zombie (Shoals:2)
  3 dream sheep zombies
  7 elf zombies
  4 elephant zombies (Lair:5)
  3 blink frog zombies (Lair:1)
  A torpor snail zombie (Lair:5)
  3 boggarts (Vaults:2)
  3 manticore zombies
  2 warg zombies (Orc:2)
  A komodo dragon zombie (Lair:3)
  11 salamander zombies
  A wyvern zombie (Lair:5)
  2 water moccasin zombies
  4 spriggan zombies
  A troll zombie (Orc:2)
  14 yak zombies
  9 wolf zombies
  200 jellies
  An orc priest (D:15)
  10 naga zombies
  9 kobold zombies
  4 ogre zombies
  A howler monkey zombie (D:9)
  2 gnolls (D:13)
  A howler monkey skeleton (Crypt:1)
  57 orc zombies
  3 orcs
  5 gnoll zombies (D:13)
  2 goblin zombies (D:10)
  115 blazeheart cores
  5 tentacles (Shoals:2)
673 creatures vanquished.

Grand Total: 2707 creatures vanquished

Notes
Turn   | Place    | Note
-------+----------+-------------------------------------------
     0 | D:1      | adelrune the Felid Summoner began the quest for the Orb.
     0 | D:1      | Reached XP level 1. HP: 9/9 MP: 4/4
    50 | D:1      | Found a faded altar of an unknown god.
   405 | D:1      | Reached XP level 2. HP: 13/13 MP: 3/6
  1123 | D:2      | Reached XP level 3. HP: 8/16 MP: 1/8
  1127 | D:2      | Learned a level 3 spell: Call Canine Familiar
  1334 | D:2      | Found a shadowy altar of Dithmenos.
  1821 | D:2      | Noticed Natasha
  1835 | D:2      | Killed Natasha
  1836 | D:2      | Reached XP level 4. HP: 13/21 MP: 0/9
  1836 | D:2      | Gained a life (2 lives remaining)
  1919 | D:2      | Learned a level 4 spell: Summon Blazeheart Golem
  2091 | D:2      | Reached skill level 5 in Summonings
  2489 | D:3      | Reached skill level 1 in Fire Magic
  2516 | D:3      | Reached XP level 5. HP: 19/23 MP: 7/11
  2704 | D:3      | Found a sparkling altar of Nemelex Xobeh.
  2708 | D:3      | Found a snail-covered altar of Cheibriados.
  3027 | D:3      | Found Gehuv's Distillery.
  3043 | D:3      | Bought a potion of curing for 33 gold pieces
  3346 | D:3      | Gained mutation: You are covered in thick fur. (AC +2)
                  | [Felid growth]
  3346 | D:3      | Reached XP level 6. HP: 28/28 MP: 5/13
  4038 | D:4      | Found a basalt altar of Yredelemnul.
  4088 | D:4      | Learned a level 4 spell: Summon Lightning Spire
  4333 | D:4      | Found Fuil's Magic Scroll Shoppe.
  4340 | D:4      | Bought a scroll of identify for 22 gold pieces
  4340 | D:4      | Bought a scroll of noise for 11 gold pieces
  4349 | D:4      | Noticed Ijyb
  4359 | D:4      | Reached skill level 1 in Air Magic
  4362 | D:4      | Killed Ijyb
  4405 | D:4      | Identified the +0 eveningstar of Courage {freeze, rC+}
  4593 | D:5      | Entered Level 5 of the Dungeon
  4593 | D:5      | Found a shadowy altar of Dithmenos.
  4615 | D:5      | Reached skill level 1 in Fighting
  4615 | D:5      | Reached XP level 7. HP: 33/33 MP: 9/14
  4853 | D:5      | Noticed a nameless horror
  5103 | D:4      | Bought a scroll of fear for 44 gold pieces
  5161 | D:5      | Found a glowing silver altar of Zin.
  5529 | D:5      | Noticed Eustachio
  5547 | D:5      | Killed Eustachio
  5548 | D:5      | Reached XP level 8. HP: 31/39 MP: 9/15
  7044 | D:6      | Found a runed translucent door.
  7044 | D:6      | Noticed RockinRobin's ghost (novice FoFi)
  7084 | D:6      | Slain by RockinRobin's ghost
  7084 | D:6      | Lost a life (1 life remaining)
  7132 | D:6      | Killed RockinRobin's ghost
  7133 | D:6      | Reached skill level 5 in Fire Magic
  7133 | D:6      | Reached XP level 9. HP: 43/43 MP: 7/17
  7133 | D:6      | Gained a life (2 lives remaining)
  7301 | D:6      | Reached skill level 5 in Air Magic
  7430 | D:6      | Found a staircase to the Ecumenical Temple.
  7439 | Temple   | Found a transporter.
  7439 | Temple   | Found a transporter.
  7439 | Temple   | Found a transporter.
  7439 | Temple   | Found a transporter.
  7439 | Temple   | Entered the Ecumenical Temple
  7458 | Temple   | Became a worshipper of Kikubaaqudgha
  7745 | D:6      | Reached skill level 5 in Spellcasting
  7998 | D:7      | Reached skill level 1 in Evocations
  8342 | D:7      | Noticed a +0 dagger
  8343 | D:7      | Noticed a +0 hand axe
  8344 | D:7      | Found a hide-covered altar of Uskayaw.
  8574 | D:7      | Reached * piety under Kikubaaqudgha
  8574 | D:7      | Received a gift from Kikubaaqudgha
  8580 | D:7      | Learned a level 4 spell: Animate Dead
  8820 | D:7      | Reached skill level 1 in Necromancy
  9094 | D:7      | Found Quadaddo's Antique Weapon Shoppe.
  9141 | D:7      | You fall into a shaft and drop 3 floors!
  9141 | D:10     | Entered Level 10 of the Dungeon
  9166 | D:8      | Found a broken altar of Ashenzari.
  9211 | D:8      | Reached skill level 2 in Necromancy
  9408 | D:8      | Found a runed translucent gate.
  9423 | D:8      | Found a runed translucent gate.
  9455 | D:8      | Noticed a kobold demonologist
  9456 | D:8      | Noticed avangion's ghost (novice DjFE)
  9457 | D:8      | Found a runed translucent gate.
  9607 | D:8      | Noticed Amaemon
  9609 | D:8      | Noticed an orange demon
  9618 | D:8      | Killed Amaemon
  9619 | D:8      | Reached skill level 3 in Necromancy
  9619 | D:8      | Reached XP level 10. HP: 41/48 MP: 6/20
  9619 | D:8      | Killed an orange demon
  9620 | D:8      | Reached skill level 4 in Necromancy
  9836 | D:8      | Killed from afar by an acid dragon
  9836 | D:8      | Lost a life (1 life remaining)
  9934 | D:8      | Got the Incunable of the Dismal Dragon
 10115 | D:9      | Reached ** piety under Kikubaaqudgha
 10125 | D:9      | Reached skill level 5 in Necromancy
 10364 | D:9      | Noticed a two-headed ogre
 10468 | D:9      | Found a stormy altar of Qazlal.
 10522 | D:9      | Noticed an elephant
 10536 | D:9      | Reached skill level 6 in Necromancy
 10546 | D:9      | Killed an elephant
 10693 | D:9      | Killed a two-headed ogre
 10694 | D:9      | Reached skill level 7 in Necromancy
 10786 | D:9      | Reached XP level 11. HP: 18/51 MP: 1/23
 10786 | D:9      | Gained a life (2 lives remaining)
 11264 | D:9      | Reached *** piety under Kikubaaqudgha
 11264 | D:9      | Received a gift from Kikubaaqudgha
 11440 | D:9      | Found a staircase to the Lair.
 11635 | D:9      | Noticed a two-headed ogre
 11645 | D:9      | Killed a two-headed ogre
 11646 | D:9      | Reached skill level 5 in Stealth
 11646 | D:9      | Reached skill level 8 in Necromancy
 12156 | Lair:1   | Entered Level 1 of the Lair of Beasts
 12173 | Lair:1   | Reached skill level 5 in Dodging
 12273 | Lair:1   | Noticed a death yak
 12660 | Lair:1   | Noticed a death yak
 12666 | Lair:1   | Noticed a death yak
 12667 | Lair:1   | Noticed a death yak
 12672 | Lair:1   | Noticed a death yak
 12678 | Lair:1   | Killed a death yak
 12682 | Lair:1   | Reached skill level 10 in Summonings
 13095 | Lair:2   | Noticed a four-headed hydra
 13107 | Lair:2   | Killed a four-headed hydra
 13108 | Lair:2   | Reached skill level 9 in Necromancy
 13330 | Lair:2   | Noticed a skyshark
 13344 | Lair:2   | Killed a skyshark
 13345 | Lair:2   | Gained mutation: Your thick and shaggy fur keeps you warm.
                  | (AC +3, rC+) [Felid growth]
 13345 | Lair:2   | Reached XP level 12. HP: 55/58 MP: 10/25
 13481 | Lair:2   | Found a staircase to the Shoals.
 13765 | Lair:2   | You fall into a shaft and drop 2 floors!
 14067 | Lair:4   | Noticed a death yak
 14067 | Lair:4   | Noticed a death yak
 14067 | Lair:4   | Noticed a death yak
 14067 | Lair:4   | Noticed a death yak
 14067 | Lair:4   | Noticed a death yak
 14093 | Lair:4   | Killed a death yak
 14098 | Lair:4   | Noticed a death yak
 14100 | Lair:4   | Killed a death yak
 14101 | Lair:4   | Reached skill level 5 in Fighting
 14114 | Lair:4   | Killed a death yak
 14133 | Lair:4   | Killed a death yak
 14133 | Lair:4   | Killed a death yak
 14134 | Lair:4   | Reached skill level 10 in Necromancy
 14138 | Lair:4   | Killed a death yak
 14341 | Lair:4   | Noticed a death yak
 14488 | Lair:4   | Reached **** piety under Kikubaaqudgha
 14621 | Lair:4   | Found a transporter.
 14625 | Lair:4   | Found the +6 lightning scales {swift, rElec}
 14626 | Lair:4   | Noticed particleface's ghost (journeyman CoBe)
 14661 | Lair:4   | Found a transporter.
 14782 | Lair:3   | Found a staircase to the Snake Pit.
 14933 | Lair:3   | Noticed a seven-headed hydra
 14940 | Lair:3   | Noticed Sonja
 14948 | Lair:3   | Killed a seven-headed hydra
 14949 | Lair:3   | Reached XP level 13. HP: 65/65 MP: 13/27
 14950 | Lair:3   | Killed Sonja
 14961 | Lair:3   | Learned a level 6 spell: Death Channel
 15053 | Lair:3   | Reached skill level 11 in Necromancy
 15209 | Lair:3   | Found a frozen archway.
 15866 | Lair:2   | Noticed Nergalle
 15879 | Lair:2   | Killed Nergalle
 16217 | Lair:5   | Entered Level 5 of the Lair of Beasts
 16724 | Lair:5   | Reached skill level 10 in Stealth
 16898 | Lair:5   | HP: 2/67 [death yak (17)]
 17027 | Lair:5   | Found a staircase to the Slime Pits.
 17043 | Lair:5   | Reached skill level 12 in Necromancy
 17050 | Lair:5   | Reached ***** piety under Kikubaaqudgha
 17051 | Lair:5   | Reached skill level 10 in Dodging
 17273 | Lair:5   | Found a white marble altar of Elyvilon.
 17401 | Lair:5   | Reached skill level 10 in Spellcasting
 18208 | Lair:5   | Reached XP level 14. HP: 72/72 MP: 18/29
 18416 | Lair:5   | Reached skill level 13 in Necromancy
 18447 | Lair:5   | Got the Essays on the Tragic Cumulonimbus
 19001 | Lair:1   | Identified the +1 helmet of Tomorrow {rElec Int+5}
 19955 | D:10     | Noticed Maggie
 19971 | D:10     | Killed Maggie
 20420 | D:10     | Found a transporter.
 20423 | D:10     | Found a viscous altar of Jiyva.
 20585 | D:10     | Found a sacrificial altar of Ru.
 20623 | D:10     | Found a transporter.
 21334 | D:11     | Found a portal to a secret trove of treasure.
 21698 | D:12     | Reached skill level 14 in Necromancy
 22069 | D:12     | Reached ****** piety under Kikubaaqudgha
 22253 | D:12     | Found a staircase to the Orcish Mines.
 22393 | Orc:1    | Entered Level 1 of the Orcish Mines
 22428 | Orc:1    | Noticed an orc warlord
 22601 | Orc:1    | Killed an orc warlord
 22812 | Orc:1    | Noticed Erolcha
 22821 | Orc:1    | Killed Erolcha
 23391 | Orc:1    | Received a gift from Kikubaaqudgha (forbidden knowledge)
 23409 | Orc:2    | Entered Level 2 of the Orcish Mines
 23409 | Orc:2    | Noticed Urug
 23409 | Orc:2    | Found a staircase to the Elven Halls.
 23420 | Orc:2    | Found a roughly hewn altar of Beogh.
 23423 | Orc:2    | Killed Urug
 23432 | Orc:2    | Upgraded the game from 0.32-a0-834-geaf45d8e21 to
                  | 0.32-a0-841-g4648e6c457
 23658 | Orc:2    | Found a dark tunnel.
 23665 | Volcano  | Entered a volcano
 23716 | Volcano  | Found a bloodstained altar of Trog.
 23956 | Orc:2    | Killed from afar by an orc sorcerer
 23956 | Orc:2    | Lost a life (1 life remaining)
 23973 | Orc:2    | Reached XP level 15. HP: 80/80 MP: 18/31
 23973 | Orc:2    | Gained a life (2 lives remaining)
 24003 | Orc:2    | Reached skill level 15 in Necromancy
 24110 | Orc:2    | Found a roughly hewn altar of Beogh.
 24160 | Orc:2    | Reached skill level 10 in Fighting
 24170 | Orc:2    | Shot with an arrow by an orc warrior
 24170 | Orc:2    | Lost a life (1 life remaining)
 24688 | Orc:2    | Found Gyfiubri's Antique Armour Shop.
 24689 | Orc:2    | Found a roughly hewn altar of Beogh.
 24692 | Orc:2    | Found Cajoekhli's Antique Weapon Boutique.
 24870 | Orc:2    | Found a roughly hewn altar of Beogh.
 24877 | Orc:2    | Found Ahait's Antique Armour Shop.
 24909 | Orc:2    | Found a roughly hewn altar of Beogh.
 25050 | Orc:2    | Found a roughly hewn altar of Beogh.
 25320 | Orc:2    | Found a roughly hewn altar of Beogh.
 25332 | Orc:2    | Found Jisoisch's General Store.
 25348 | Orc:2    | Bought a potion of curing for 42 gold pieces
 25348 | Orc:2    | Bought a scroll of butterflies for 56 gold pieces
 25392 | Orc:2    | Learned a level 7 spell: Haunt
 25433 | Orc:1    | Learned a level 5 spell: Borgnjor's Vile Clutch
 25628 | Slime:1  | Entered Level 1 of the Pits of Slime
 25629 | Slime:1  | Noticed an acid blob
 25636 | Slime:1  | Killed from afar by an acid blob
 25636 | Slime:1  | Lost a life (0 lives remaining)
 25651 | Slime:1  | Gained mutation: You occasionally lose the ability to drink
                  | potions when taking damage. [a shining eye]
 25676 | Slime:1  | Gained mutation: You are vulnerable to cold. (rC-) [a
                  | shining eye]
 25706 | Slime:1  | Killed an acid blob
 26010 | Slime:3  | Reached skill level 16 in Necromancy
 26012 | Slime:3  | Noticed a rockslime
 26015 | Slime:3  | Killed a rockslime
 26057 | Slime:3  | Noticed an acid blob
 26089 | Slime:4  | Noticed a rockslime
 26093 | Slime:4  | Killed a rockslime
 26315 | Slime:5  | Entered Level 5 of the Pits of Slime
 26331 | Slime:5  | Noticed a rockslime
 26348 | Slime:5  | Killed a rockslime
 26370 | Slime:5  | Noticed the Royal Jelly
 26394 | Slime:5  | Noticed an acid blob
 26398 | Slime:5  | Noticed a rockslime
 26399 | Slime:5  | Noticed an acid blob
 26404 | Slime:5  | Killed an acid blob
 26405 | Slime:5  | Noticed an acid blob
 26408 | Slime:5  | Noticed an azure jelly
 26416 | Slime:5  | Noticed an acid blob
 26432 | Slime:5  | Killed an acid blob
 26445 | Slime:5  | Found a viscous altar of Jiyva.
 26451 | Slime:5  | Found the +10 zealot's sword {holy, Zealotry, *Rage rN+
                  | EV+3}
 26453 | Slime:5  | Fell from the grace of Kikubaaqudgha
 26453 | Slime:5  | Became a worshipper of Jiyva Juomirr the Shapeless
 27107 | D:12     | Noticed Snorg
 27123 | D:12     | Killed Snorg
 27124 | D:12     | Reached skill level 17 in Necromancy
 27419 | D:12     | Noticed Frances
 27479 | D:13     | Reached * piety under Jiyva
 27851 | D:13     | Reached ** piety under Jiyva
 28041 | D:13     | Reached XP level 16. HP: 40/68 MP: 23/33
 28041 | D:13     | Gained a life (1 life remaining)
 28079 | D:13     | Found a gate to the Vaults.
 28308 | D:13     | Found a sparkling altar of Nemelex Xobeh.
 28529 | D:14     | Found a runed translucent gate.
 28707 | D:14     | Found a runed translucent gate.
 28708 | D:14     | Found a runed translucent gate.
 28882 | D:14     | Noticed Sarer's ghost (journeyman MiBe)
 28985 | D:14     | Reached *** piety under Jiyva
 28985 | D:14     | Lost mutation: You are vulnerable to cold. (rC-) [Jiyva's
                  | grace]
 28985 | D:14     | Gained mutation: You have acidic saliva. [Jiyva's grace]
 28985 | D:14     | Gained mutation: Armour fits poorly on your pseudopods.
                  | [Jiyva's grace]
 28985 | D:14     | Gained mutation: Armour fits poorly on your large
                  | pseudopods. [Jiyva's grace]
 28985 | D:14     | Gained mutation: Armour fits poorly on your massive
                  | pseudopods. [Jiyva's grace]
 29148 | D:14     | Found an iron altar of Okawaru.
 29165 | D:15     | Entered Level 15 of the Dungeon
 29174 | D:15     | Noticed Azrael
 29687 | D:15     | Killed Azrael
 30009 | D:15     | Reached **** piety under Jiyva
 30197 | D:15     | Found a staircase to the Depths.
 30561 | Snake:1  | Entered Level 1 of the Snake Pit
 30634 | Snake:1  | Reached skill level 18 in Necromancy
 30717 | Snake:1  | Learned a level 8 spell: Infestation
 31253 | Snake:1  | Lost mutation: You occasionally lose the ability to drink
                  | potions when taking damage. [potion of mutation]
 31253 | Snake:1  | Lost mutation: You have acidic saliva. [potion of mutation]
 31253 | Snake:1  | Lost mutation: Armour fits poorly on your massive
                  | pseudopods. [potion of mutation]
 31253 | Snake:1  | Gained mutation: You expend magic power (3 MP) to
                  | strengthen your wands. [potion of mutation]
 31253 | Snake:1  | Gained mutation: You occasionally lose the ability to read
                  | scrolls when taking damage. [potion of mutation]
 31253 | Snake:1  | Gained mutation: You are occasionally teleported next to
                  | monsters. [potion of mutation]
 31463 | Snake:1  | Reached ***** piety under Jiyva
 31464 | Snake:1  | Gained mutation: You are partially covered in iridescent
                  | scales. (AC +2) [Jiyva's grace]
 31464 | Snake:1  | Gained mutation: You are mostly covered in iridescent
                  | scales. (AC +4) [Jiyva's grace]
 31464 | Snake:1  | Gained mutation: You are completely covered in iridescent
                  | scales. (AC +6) [Jiyva's grace]
 31464 | Snake:1  | Gained mutation: Your rubbery body absorbs attacks. (AC +1,
                  | EV +1) [Jiyva's grace]
 32137 | Snake:2  | Was forgiven by Kikubaaqudgha
 32621 | Snake:3  | Reached XP level 17. HP: 69/70 MP: 25/36
 32802 | Snake:3  | Reached skill level 19 in Necromancy
 32842 | Snake:3  | Identified the serpent talisman of Uzxij {Str+3}
 32842 | Snake:3  | Noticed Aizul
 32849 | Snake:3  | Killed Aizul
 32966 | Snake:3  | Reached ****** piety under Jiyva
 33211 | Snake:3  | Lost mutation: Armour fits poorly on your large pseudopods.
                  | [Jiyva's grace]
 33211 | Snake:3  | Gained mutation: You are somewhat resistant to further
                  | mutation. [Jiyva's grace]
 33211 | Snake:3  | Gained mutation: You are somewhat resistant to both further
                  | mutation and mutation removal. [Jiyva's grace]
 33211 | Snake:3  | Gained mutation: You are almost entirely resistant to
                  | further mutation and mutation removal. [Jiyva's grace]
 33211 | Snake:3  | Gained mutation: Your muscles are strong. (Str +4, Int/Dex
                  | -1) [Jiyva's grace]
 33697 | Slime:5  | Noticed an acid blob
 33712 | Slime:5  | Got a slimy rune of Zot
 33736 | Slime:5  | Noticed an acid blob
 33758 | Slime:5  | Identified the ring of Wuafasil {rF+ Dex+3 Slay+5 SInv}
 34178 | Snake:4  | Entered Level 4 of the Snake Pit
 34194 | Snake:4  | Found Locufa's Jewellery Shoppe.
 34202 | Snake:4  | Bought a ring of wizardry for 600 gold pieces
 34202 | Snake:4  | Bought a +6 ring of strength for 720 gold pieces
 34202 | Snake:4  | Found Lumeapt's Jewellery Emporium.
 34298 | Snake:4  | Reached skill level 20 in Necromancy
 34622 | Snake:4  | HP: 3/89 [salamander tyrant (25)]
 34662 | Snake:4  | Killed from afar by a salamander tyrant
 34662 | Snake:4  | Lost a life (0 lives remaining)
 34853 | Snake:4  | Reached skill level 21 in Necromancy
 34885 | Snake:4  | Got a serpentine rune of Zot
 35356 | Shoals:1 | Entered Level 1 of the Shoals
 35401 | Shoals:1 | Noticed Mlioglotl
 35405 | Shoals:1 | Killed Mlioglotl
 35610 | Shoals:1 | Reached XP level 18. HP: 93/93 MP: 14/37
 36029 | Shoals:2 | Found Fupeuq's Magic Scroll Boutique.
 36040 | Shoals:2 | Bought a scroll of amnesia for 60 gold pieces
 36040 | Shoals:2 | Bought a scroll of teleportation for 45 gold pieces
 36040 | Shoals:2 | Bought a scroll of teleportation for 45 gold pieces
 36102 | Shoals:2 | Reached skill level 22 in Necromancy
 36105 | Shoals:2 | Lost mutation: You are completely covered in iridescent
                  | scales. (AC +6) [Jiyva's grace]
 36105 | Shoals:2 | Lost mutation: You are occasionally teleported next to
                  | monsters. [Jiyva's grace]
 36105 | Shoals:2 | Lost mutation: You expend magic power (3 MP) to strengthen
                  | your wands. [Jiyva's grace]
 36105 | Shoals:2 | Gained mutation: You have an increased reservoir of magic.
                  | (+10% MP) [Jiyva's grace]
 36105 | Shoals:2 | Gained mutation: You have a considerably increased
                  | reservoir of magic. (+20% MP) [Jiyva's grace]
 36105 | Shoals:2 | Gained mutation: You have a greatly increased reservoir of
                  | magic. (+30% MP) [Jiyva's grace]
 36105 | Shoals:2 | Gained mutation: Your muscles are very strong. (Str +8,
                  | Int/Dex -2) [Jiyva's grace]
 36957 | Shoals:3 | Identified 3 scrolls of acquirement
 36958 | Shoals:3 | Acquired 917 gold pieces
 36959 | Shoals:3 | Acquired a book of Touch
 36960 | Shoals:3 | Acquired a manual of Dodging
 36971 | Shoals:3 | Learned a level 9 spell: Death's Door
 37392 | Shoals:4 | Entered Level 4 of the Shoals
 37495 | Shoals:4 | Got a barnacled rune of Zot
 37748 | Shoals:4 | Reached skill level 23 in Necromancy
 38084 | Vaults:1 | Entered Level 1 of the Vaults
 38491 | Vaults:1 | Lost mutation: You are mostly covered in iridescent scales.
                  | (AC +4) [Jiyva's grace]
 38491 | Vaults:1 | Lost mutation: You are almost entirely resistant to further
                  | mutation and mutation removal. [Jiyva's grace]
 38491 | Vaults:1 | Lost mutation: Your rubbery body absorbs attacks. (AC +1,
                  | EV +1) [Jiyva's grace]
 38491 | Vaults:1 | Lost mutation: Armour fits poorly on your pseudopods.
                  | [Jiyva's grace]
 38491 | Vaults:1 | Gained mutation: Armour fits poorly on your pseudopods.
                  | [Jiyva's grace]
 38491 | Vaults:1 | Gained mutation: Armour fits poorly on your large
                  | pseudopods. [Jiyva's grace]
 38491 | Vaults:1 | Gained mutation: Armour fits poorly on your massive
                  | pseudopods. [Jiyva's grace]
 38491 | Vaults:1 | Gained mutation: You are strong-willed. (Will+) [Jiyva's
                  | grace]
 38492 | Vaults:1 | Upgraded the game from 0.32-a0-841-g4648e6c457 to
                  | 0.32-a0-859-gb0a091d592
 38502 | Vaults:1 | Reached XP level 19. HP: 26/98 MP: 30/50
 38502 | Vaults:1 | Gained a life (1 life remaining)
 38694 | Vaults:1 | Reached skill level 15 in Spellcasting
 38791 | Vaults:1 | Got the Directory of the Intense Legion
 39594 | Vaults:2 | Reached skill level 15 in Dodging
 39805 | Vaults:2 | Reached skill level 24 in Necromancy
 39820 | Vaults:2 | Lost mutation: You are strong-willed. (Will+) [Jiyva's
                  | grace]
 39820 | Vaults:2 | Lost mutation: You are somewhat resistant to both further
                  | mutation and mutation removal. [Jiyva's grace]
 39820 | Vaults:2 | Lost mutation: Your muscles are very strong. (Str +8,
                  | Int/Dex -2) [Jiyva's grace]
 39820 | Vaults:2 | Lost mutation: Armour fits poorly on your massive
                  | pseudopods. [Jiyva's grace]
 39820 | Vaults:2 | Lost mutation: You occasionally lose the ability to read
                  | scrolls when taking damage. [Jiyva's grace]
 39820 | Vaults:2 | Gained mutation: Your spells are a little harder to cast,
                  | but a little more powerful. [Jiyva's grace]
 39820 | Vaults:2 | Gained mutation: Your spells are harder to cast, but more
                  | powerful. [Jiyva's grace]
 39820 | Vaults:2 | Gained mutation: Your spells are much harder to cast, but
                  | much more powerful. [Jiyva's grace]
 39820 | Vaults:2 | Gained mutation: You have a small jelly attached to you
                  | that senses nearby items. [Jiyva's grace]
 40002 | Vaults:2 | Found a staircase to the Crypt.
 40002 | Vaults:2 | Found a basalt altar of Yredelemnul.
 40003 | Vaults:2 | Found an ancient bone altar of Kikubaaqudgha.
 41560 | Vaults:3 | Learned a level 8 spell: Maxwell's Capacitive Coupling
 41880 | Vaults:4 | Lost mutation: You have a greatly increased reservoir of
                  | magic. (+30% MP) [Jiyva's grace]
 41880 | Vaults:4 | Lost mutation: You are somewhat resistant to further
                  | mutation. [Jiyva's grace]
 41880 | Vaults:4 | Lost mutation: Armour fits poorly on your large pseudopods.
                  | [Jiyva's grace]
 41880 | Vaults:4 | Gained mutation: You passively map a small area around you.
                  | [Jiyva's grace]
 41880 | Vaults:4 | Gained mutation: You passively map the area around you.
                  | [Jiyva's grace]
 41880 | Vaults:4 | Gained mutation: You passively map a large area around you.
                  | [Jiyva's grace]
 41880 | Vaults:4 | Gained mutation: You have acidic saliva. [Jiyva's grace]
 42114 | Vaults:4 | Reached XP level 20. HP: 102/102 MP: 22/48
 42378 | Vaults:4 | Found the +8 longbow "Zephyr" {speed, Dex+3 SInv}
 42664 | Elf:1    | Entered Level 1 of the Elven Halls
 43104 | Elf:1    | Reached skill level 10 in Air Magic
 43759 | Elf:2    | Found Qajerud's Antique Armour Boutique.
 43835 | Elf:2    | Found a runed translucent gate.
 43835 | Elf:2    | Found a runed translucent gate.
 43837 | Elf:2    | Found a runed translucent gate.
 43859 | Elf:2    | Lost mutation: You passively map a large area around you.
                  | [Jiyva's grace]
 43859 | Elf:2    | Lost mutation: You passively map the area around you.
                  | [Jiyva's grace]
 43859 | Elf:2    | Lost mutation: Your muscles are strong. (Str +4, Int/Dex
                  | -1) [Jiyva's grace]
 43859 | Elf:2    | Lost mutation: You have acidic saliva. [Jiyva's grace]
 43859 | Elf:2    | Gained mutation: Your rubbery body absorbs attacks. (AC +1,
                  | EV +1) [Jiyva's grace]
 43859 | Elf:2    | Gained mutation: Your pliable body absorbs attacks. (AC +2,
                  | EV +2) [Jiyva's grace]
 43859 | Elf:2    | Gained mutation: Your gelatinous body deflects attacks. (AC
                  | +3, EV +3) [Jiyva's grace]
 43859 | Elf:2    | Gained mutation: You are robust. (+10% HP) [Jiyva's grace]
 44107 | Elf:2    | Reached skill level 25 in Necromancy
 44580 | Elf:3    | Entered Level 3 of the Elven Halls
 44932 | Elf:3    | Identified the ring "Onuiq" {rPois rN++ Str-5 Dex-4 SInv}
 45047 | Elf:3    | Got Sif Muna's Book of Battling and the Sun
 45052 | Elf:3    | Got the Cyclopedia of the Fox
 45059 | Elf:3    | Identified the +4 sling "Atreiceth" {freeze, rPois rF-
                  | Str+5 Dex-2}
 45119 | Elf:3    | Reached XP level 21. HP: 117/117 MP: 28/50
 45294 | Elf:3    | Identified the ring "Rarph" {Fire Will+ Int+2}
 45424 | Elf:3    | Identified the serpent talisman "Mummam" {rF+ rC+}
 45688 | Elf:3    | Lost mutation: You are robust. (+10% HP) [Jiyva's grace]
 45688 | Elf:3    | Gained mutation: You have a greatly increased reservoir of
                  | magic. (+30% MP) [Jiyva's grace]
 45688 | Elf:3    | Gained mutation: You are mostly covered in iridescent
                  | scales. (AC +4) [Jiyva's grace]
 45688 | Elf:3    | Gained mutation: You are completely covered in iridescent
                  | scales. (AC +6) [Jiyva's grace]
 45688 | Elf:3    | Gained mutation: You are robust. (+10% HP) [Jiyva's grace]
 45698 | Elf:3    | Learned a level 4 spell: Dispel Undead
 45955 | D:8      | Killed avangion's ghost
 46304 | D:14     | Killed Sarer's ghost
 46523 | Lair:4   | Found a bloodstained altar of Trog.
 46539 | Lair:4   | Killed particleface's ghost
 46682 | Lair:4   | Identified the staff "Biqian" {rElec Str-4 Dex+3 Earth}
 47212 | Crypt:1  | Entered Level 1 of the Crypt
 47975 | Crypt:2  | Noticed Mennas
 48215 | Depths:1 | Entered Level 1 of the Depths
 48261 | Depths:1 | Found a one-way gateway to a ziggurat.
 48323 | Depths:1 | Reached skill level 26 in Necromancy
 48385 | Depths:1 | Found a one-way gate to the infinite horrors of the Abyss.
 48387 | Depths:1 | Found a bloodstained altar of Trog.
 48411 | Depths:1 | Identified the +2 helmet "Bijiex" {rPois Dex+3}
 48434 | Depths:1 | Found a gateway to Hell.
 48499 | Depths:1 | Noticed Saint Roka
 48504 | Depths:1 | Identified the +1 leather armour of Sauniq {rN+ Str+4
                  | Dex-4}
 48570 | Depths:1 | Killed Saint Roka
 48595 | Depths:1 | Noticed Sojobo
 48626 | Depths:1 | Paralysed by an air elemental for 1 turns
 48630 | Depths:1 | Paralysed by an air elemental for 1 turns
 48638 | Depths:1 | Paralysed by an air elemental for 1 turns
 48642 | Depths:1 | Paralysed by an air elemental for 1 turns
 48716 | Depths:1 | Found Miokyup's Elemental Accessories.
 48727 | Depths:1 | HP: 3/117 [rock wall collision (25)]
 48743 | Depths:1 | Killed Sojobo
 48780 | Depths:1 | Lost mutation: Your spells are much harder to cast, but
                  | much more powerful. [Jiyva's grace]
 48780 | Depths:1 | Lost mutation: Your gelatinous body deflects attacks. (AC
                  | +3, EV +3) [Jiyva's grace]
 48780 | Depths:1 | Lost mutation: You have a small jelly attached to you that
                  | senses nearby items. [Jiyva's grace]
 48780 | Depths:1 | Gained mutation: Your flesh is heat resistant. (rF+)
                  | [Jiyva's grace]
 48780 | Depths:1 | Gained mutation: Your flesh is very heat resistant. (rF++)
                  | [Jiyva's grace]
 48780 | Depths:1 | Gained mutation: Your flesh is almost immune to the effects
                  | of heat. (rF+++) [Jiyva's grace]
 48780 | Depths:1 | Gained mutation: You passively map the area around you.
                  | [Jiyva's grace]
 48780 | Depths:1 | Found Mujywn's Demolitions Depot.
 48981 | Depths:1 | Bought a wand of polymorph (3) for 63 gold pieces
 48981 | Depths:1 | Bought a wand of warping (8) for 288 gold pieces
 49067 | Depths:2 | Identified the ring of Conformity {Ice Int+4 Dex+3}
 49067 | Depths:2 | Noticed Josephina
 49175 | Depths:2 | Identified the +3 robe of Oskiabb {+Blink rPois}
 49175 | Depths:2 | Noticed Boris
 49182 | Depths:2 | Killed Boris
 49213 | Depths:2 | Noticed a caustic shrike
 49219 | Depths:2 | Killed a caustic shrike
 49476 | Depths:2 | Reached skill level 15 in Air Magic
 49488 | Depths:2 | Reached XP level 22. HP: 122/122 MP: 21/57
 49488 | Depths:2 | Gained a life (2 lives remaining)
 49507 | Depths:2 | Noticed Norris
 49522 | Depths:2 | Killed Norris
 49577 | Depths:2 | Killed Josephina
 49649 | Depths:2 | Noticed a caustic shrike
 49652 | Depths:2 | Killed a caustic shrike
 49679 | Depths:2 | Found a one-way gate leading to the halls of Pandemonium.
 50217 | Depths:2 | Noticed an ancient lich
 50234 | Depths:2 | Killed an ancient lich
 50412 | Depths:3 | Noticed the Enchantress
 50571 | Depths:3 | HP: 1/114 [spriggan air mage/the air[the Enchantress] (14)]
 50648 | Depths:3 | Killed from afar by a spriggan air mage
 50648 | Depths:3 | Lost a life (1 life remaining)
 50679 | Depths:3 | HP: 4/122 [spriggan defender/+2 quick blade of
                  | protection[the Enchantress] (19)]
 50778 | Depths:3 | Killed the Enchantress
 50779 | Depths:3 | Reached skill level 27 in Necromancy
 51207 | Depths:3 | Learned a level 2 spell: Blink
 51212 | Depths:3 | Learned a level 4 spell: Anguish
 51323 | Depths:3 | Lost mutation: You are completely covered in iridescent
                  | scales. (AC +6) [Jiyva's grace]
 51323 | Depths:3 | Lost mutation: Your flesh is almost immune to the effects
                  | of heat. (rF+++) [Jiyva's grace]
 51323 | Depths:3 | Lost mutation: You have a greatly increased reservoir of
                  | magic. (+30% MP) [Jiyva's grace]
 51323 | Depths:3 | Lost mutation: You have a considerably increased reservoir
                  | of magic. (+20% MP) [Jiyva's grace]
 51323 | Depths:3 | Lost mutation: You passively map the area around you.
                  | [Jiyva's grace]
 51323 | Depths:3 | Lost mutation: You passively map a small area around you.
                  | [Jiyva's grace]
 51323 | Depths:3 | Lost mutation: Your pliable body absorbs attacks. (AC +2,
                  | EV +2) [Jiyva's grace]
 51323 | Depths:3 | Gained mutation: Your flesh is almost immune to the effects
                  | of heat. (rF+++) [Jiyva's grace]
 51323 | Depths:3 | Gained mutation: You are completely covered in iridescent
                  | scales. (AC +6) [Jiyva's grace]
 51323 | Depths:3 | Gained mutation: You have a small jelly attached to you
                  | that senses nearby items. [Jiyva's grace]
 51323 | Depths:3 | Gained mutation: Your flesh is cold resistant. (rC+)
                  | [Jiyva's grace]
 51953 | Depths:4 | Entered Level 4 of the Depths
 51953 | Depths:4 | Noticed a juggernaut
 51962 | Depths:4 | Killed a juggernaut
 52221 | Depths:4 | Noticed a caustic shrike
 52221 | Depths:4 | Noticed a caustic shrike
 52221 | Depths:4 | Noticed a caustic shrike
 52221 | Depths:4 | Noticed a caustic shrike
 52221 | Depths:4 | Noticed a caustic shrike
 52228 | Depths:4 | Killed a caustic shrike
 52243 | Depths:4 | Killed a caustic shrike
 52244 | Depths:4 | Killed a caustic shrike
 52281 | Depths:4 | Killed a caustic shrike
 52298 | Depths:4 | Killed a caustic shrike
 52347 | Depths:4 | Found an opulent altar of Gozag.
 52659 | Depths:4 | Noticed a golden dragon
 52664 | Depths:4 | Killed a golden dragon
 52665 | Depths:4 | Reached XP level 23. HP: 120/126 MP: 7/50
 52705 | Depths:4 | Found a gate to the Realm of Zot.
 52782 | Zot:1    | Entered Level 1 of the Realm of Zot
 54221 | Zot:1    | Gained mutation: Your body sometimes deteriorates upon
                  | taking damage. [mutagenic glow]
 54315 | Zot:1    | Lost mutation: You have an increased reservoir of magic.
                  | (+10% MP) [mutagenic glow]
 55149 | Zot:2    | Lost mutation: Your spells are harder to cast, but more
                  | powerful. [Jiyva's grace]
 55149 | Zot:2    | Lost mutation: Your rubbery body absorbs attacks. (AC +1,
                  | EV +1) [Jiyva's grace]
 55149 | Zot:2    | Gained mutation: Armour fits poorly on your large
                  | pseudopods. [Jiyva's grace]
 55149 | Zot:2    | Gained mutation: Armour fits poorly on your massive
                  | pseudopods. [Jiyva's grace]
 55149 | Zot:2    | Gained mutation: Your muscles are strong. (Str +4, Int/Dex
                  | -1) [Jiyva's grace]
 55149 | Zot:2    | Gained mutation: Your muscles are very strong. (Str +8,
                  | Int/Dex -2) [Jiyva's grace]
 55206 | Zot:2    | Found a snail-covered altar of Cheibriados.
 55604 | Zot:2    | Noticed a curse toe
 55608 | Zot:2    | Killed a curse toe
 56021 | Zot:3    | Identified the +4 scale mail of the Swamp {rN+}
 56550 | Zot:4    | Noticed an orb of fire
 56554 | Zot:4    | Killed an orb of fire
 56906 | Zot:4    | Reached XP level 24. HP: 132/132 MP: 14/46
 58569 | Zot:5    | Entered Level 5 of the Realm of Zot
 58966 | Zot:4    | HP: 6/132 [black draconian knight/shard of ice (10)]
 59306 | Zot:5    | Found a runed translucent door.
 59309 | Zot:5    | Noticed GNSpeed's ghost (master MiFi)
 59804 | Zot:5    | Lost mutation: You are completely covered in iridescent
                  | scales. (AC +6) [Jiyva's grace]
 59804 | Zot:5    | Lost mutation: You are mostly covered in iridescent scales.
                  | (AC +4) [Jiyva's grace]
 59804 | Zot:5    | Lost mutation: Your flesh is almost immune to the effects
                  | of heat. (rF+++) [Jiyva's grace]
 59804 | Zot:5    | Lost mutation: You are robust. (+10% HP) [Jiyva's grace]
 59804 | Zot:5    | Lost mutation: Armour fits poorly on your massive
                  | pseudopods. [Jiyva's grace]
 59804 | Zot:5    | Lost mutation: Armour fits poorly on your large pseudopods.
                  | [Jiyva's grace]
 59804 | Zot:5    | Gained mutation: You passively map a small area around you.
                  | [Jiyva's grace]
 59804 | Zot:5    | Gained mutation: You passively map the area around you.
                  | [Jiyva's grace]
 59804 | Zot:5    | Gained mutation: You passively map a large area around you.
                  | [Jiyva's grace]
 59804 | Zot:5    | Gained mutation: You are resistant to electric shocks.
                  | (rElec) [Jiyva's grace]
 59830 | Zot:5    | Noticed an orb of fire
 59831 | Zot:5    | Noticed a Killer Klown
 59831 | Zot:5    | Noticed a Killer Klown
 59832 | Zot:5    | Noticed an orb of fire
 59834 | Zot:5    | Noticed an ancient lich
 59843 | Zot:5    | Got the Orb of Zot
 59843 | Zot:5    | Noticed an orb of fire
 59851 | Zot:5    | Noticed a Killer Klown
 59855 | Zot:5    | Noticed a dread lich
 59857 | Zot:5    | Demolished by an Orb Guardian
 59857 | Zot:5    | Lost a life (0 lives remaining)
 60349 | D:2      | Noticed a seraph
 60406 | D:$      | Escaped with the Orb!

Illustrated notes

Levels and vault maps discovered:
D:1:      dpeg_arrival_shelter, layout_loops_ring, ebering_ecumenical_altar_box
D:2:      layout_loops_corners, basic_altar, minmay_octomino_c4, uniq_natasha
D:3:      layout_rooms, mainiacjoe_overflow_catwalk_spiral, serial_shops, shop,
          minmay_misc_feat_iff, goddamned_bats
D:4:      layout_rooms, mainiacjoe_overflow_24_doors, serial_shops,
          nicolae_square_shop, uniq_ijyb
D:5:      minmay_thick_lines, layout_cave_pools,
          grunt_dithmenos_smoke_and_mirrors, zin_treasury,
          minmay_fractal_squares_diagonal_5, uniq_eustachio
D:6:      layout_loops_ring, minmay_temple_entry_statues_pillars,
          hellmonk_ghost_happy_afterlife, kennysheep_small_spiral
D:7:      layout_rooms, dancing_weapons_uskayaw, serial_shops,
          nicolae_shop_scrapyard, minmay_nine_imps
D:8:      layout_rooms, ashenzari_altar_1, gammafunk_ghost_nasty_kobolds,
          minmay_checkerbox, uniq_amaemon
D:9:      minmay_evil_eye, layout_cave_pools, grunt_qazlal_clouds,
          david_lair_generic, nicolae_benzene_ring
D:10:     gammafunk_jiyva_shrine, layout_loops_ring, kennysheep_little_box,
          enter_bailey_3, blue_anna_alchemist, uniq_maggie
D:11:     nicolae_cairo_tiling, layout_cave_pools, enter_trove_3,
          nicolae_where_there's_smoke
D:12:     layout_loops_ring, zombieorc2_lemuel, uniq_frances, uniq_snorg
D:13:     layout_big_octagon, grunt_vaults_entry_tiered, moated_statue,
          nemelex_altar_shiori
D:14:     layout_rooms, gammafunk_ghost_fury_of_okawaru, roderic_malta_cross
D:15:     grunt_enter_depths_hoard, layout_grid_maze,
          chequers_serial_rivers_micro_e, uniq_azrael
Temple:   hellmonk_temple_divided_pantheon
Lair:1:   layout_gridlike, infiniplex_staircase_pool_2, lemuel_fruit_tree,
          grunt_megastairs_3
Lair:2:   layout_long_grid, minmay_shoals_entry_beasts,
          small_statue_intersection, dreamdust_wasp_nest, uniq_nergalle
Lair:3:   layout_gridlike, minmay_snake_entry_guardpost_small,
          portal_ice_cave_rime, uniq_sonja
Lair:4:   layout_cave_pods, gammafunk_ghost_wrathful_warriors
Lair:5:   grunt_lair_end_beastmaster, layout_loops_ring, slime_entry_1,
          basic_altar, st_stairs_5
Shoals:1: layout_shoals, uniq_mlioglotl
Shoals:2: layout_shoals, serial_shops, shop
Shoals:3: layout_shoals
Shoals:4: shoals_end_hellmonk_lost_city
Snake:1:  layout_gridlike, nicolae_snake_round_shape_thing
Snake:2:  layout_gridlike, nicolae_snake_guarding_the_ruins
Snake:3:  layout_concentric_octagons, nicolae_elevator_lobby_plus, uniq_aizul
Snake:4:  johnstein_snake_rune_scales, layout_cave_town, st_stairs_4,
          library_closet, serial_bayou_shore_a, minmay_shoptagon
Slime:1:  layout_caves
Slime:2:  layout_caves, uniq_dissolution
Slime:3:  layout_caves
Slime:4:  layout_caves
Slime:5:  slime_pit_nicolae_jellycorners
Orc:1:    layout_caves, minmay_orc_keep, uniq_erolcha
Orc:2:    grunt_orc_community_town_hall, layout_caves,
          grunt_orc_community_big_house_2, grunt_orc_community_big_house_2,
          grunt_orc_community_house_2, grunt_orc_community_house_3,
          grunt_orc_community_house_3, grunt_orc_community_house_3,
          grunt_orc_community_house_1, grunt_orc_community_house_2,
          enter_volcano_4, special_room, uniq_urug
Elf:1:    minmay_elf_arrival_summoners, layout_loops_cross, special_room
          [special_room_orc], hangedman_elven_crosses_minicolossus,
          hangedman_elf_simple_split
Elf:2:    elven_hall_of_blades_hangedman_original
          [nicolae_blade_entry_antechamber], layout_gridlike, serial_shops,
          nicolae_shop_peninsula, nicolae_concentric_dashed_squares_mild
Elf:3:    grunt_elf_hall_spiral, layout_gridlike
Vaults:1: vaults_room_pool, nicolae_vaults_storage_closets_1,
          nicolae_vaults_library_corner, nicolae_vaults_house_1,
          v_alt_pattern_2, ontoclasm_vaults_shuriken,
          nicolae_vaults_closet_pinwheel_1, hangedman_vaults_stream,
          nicolae_vaults_ring_of_whatevers, nicolae_vaults_alarming,
          nicolae_vaults_six-pack, nicolae_vaults_trapezoid_2,
          layout_vaults_omnibox
Vaults:2: vaults_mumra_chevron, vaults_room_hallway,
          vaults_standard_mumra_enter_the_diamond,
          minmay_crypt_entry_necro_gods, ontoclasm_vaults_hangar,
          nicolae_vaults_octothorpe, nicolae_vaults_little_squares_1,
          nicolae_vaults_trapezoid_layered, nicolae_vaults_asterisk,
          nicolae_vaults_wrenched, nicolae_vaults_tetromino_T_1, v_misc_27,
          nicolae_vaults_rhombus_6, nicolae_vaults_diagonal_hallway_8,
          layout_vaults_big_room
Vaults:3: vaults_room_large_hall, nicolae_vaults_tetromino_T_2, v_misc_12,
          nicolae_vaults_storage_room_glass, nicolae_vaults_network_square,
          nicolae_vaults_what_the_h, layout_vaults_omnigrid
Vaults:4: nicolae_vaults_yaktaur_gun_rack, ontoclasm_vaults_ligature,
          hangedman_vaults_snaps, nicolae_vaults_little_squares_4, v_misc_23,
          vaults_room_pools, nicolae_vaults_tetromino_T_1,
          nicolae_vaults_more_shelving_1, nicolae_vaults_inception_scallops,
          ontoclasm_vaults_gateway, v_misc_9,
          nicolae_vaults_variable_pillar_hall, v_pattern_4, layout_vaults_maze
Crypt:1:  layout_chaotic_city
Crypt:2:  layout_misc_corridors, basic_altar, uniq_mennas
Depths:1: layout_roguey, enter_ziggurat_c, bloody_trog,
          hangedman_tar_grid_catacomb, abyss_entry, nicolae_elemental_shop,
          nicolae_blasting_shop, minmay_misc_feat_ornament,
          dpeg_stationary_puzzle, uniq_saint_roka, uniq_sojobo
Depths:2: hangedman_pleasuredromes, hell_entry, abyss_entry, pan_entry,
          uniq_norris, uniq_josephina, uniq_boris
Depths:3: minmay_inner_zag, layout_gridlike, abyss_entry_crystal,
          rand_demon_pan_entry_7, pf_vacation_house_of_asmodeus,
          uniq_enchantress
Depths:4: evilmike_zot_entry_round, layout_gridlike, hell_entry,
          serial_aquarium, aquarium_bridge_square [aquarium_subvault_bridge,
          aquarium_subvault_window, aquarium_subvault_bridge,
          aquarium_subvault_bridge], aquarium_bridge_square
          [aquarium_subvault_bridge, aquarium_subvault_window,
          aquarium_subvault_bridge, aquarium_subvault_window],
          aquarium_window_fake, aquarium_window_fake, aquarium_window_fake,
          aquarium_view_2c, aquarium_view_2b, aquarium_pool_corner,
          grunt_gozag_statues, abyss_entry_small_statue_room
Zot:1:    layout_misc_corridors, st_stairs_2, grunt_ministairs_12, uniq_tiamat
Zot:2:    hangedman_snap_crack_crunch, layout_cathedral_of_symmetry,
          regret_index_zotdec_serpentine_coiled, guppyfry_library_mini,
          uniq_grunn
Zot:3:    layout_gridlike
Zot:4:    lemuel_firehouse, layout_onion
Zot:5:    layout_gridville, ebering_ghost_inner_flame, st_stairs_10

Skill      XL: |  1  2  3  4  5  6  7  8  9 10 11 12 13 14 15 16 17 18 19 20 21 22 23 24 |
---------------+-------------------------------------------------------------------------+-----
Spellcasting   | 3 4 6 7 8 9 10 11 12 14 15 16 17 18 | 18.1
Summonings     | 5 6 8 9 10 11 13 | 13.5
Fire Magic     | 1 2 3 5 |  5.0
Dodging        | 3 4 6 8 10 13 15 16 20 21 | 21.2
Stealth        | 3 4 6 9 10 | 10.0
Air Magic      | 1 2 4 5 8 13 15 17 19 20 | 20.9
Fighting       | 1 2 4 6 7 9 10 | 10.0
Evocations     | 4 |  4.0
Necromancy     | 3 7 9 10 12 14 17 18 21 23 24 25 26 27 | 27.0

Action                     |  1- 3 |  4- 6 |  7- 9 | 10-12 | 13-15 | 16-18 | 19-21 | 22-24 || total
---------------------------+-------+-------+-------+-------+-------+-------+-------+-------++-------
  Melee: Unarmed           |     1 |     2 |     2 |     4 |    42 |     8 |       |     3 ||    62
         Bite              |       |       |     1 |     1 |     9 |     2 |       |     1 ||    14
         Pseudopods        |       |       |       |       |       |     3 |       |     1 ||     4
   Cast: Summon Small Mamm |    56 |    52 |    28 |     1 |    10 |     1 |     2 |       ||   150
         Call Canine Famil |     4 |    21 |    65 |    50 |    60 |     8 |       |       ||   208
         Summon Blazeheart |       |     1 |    15 |    38 |    94 |    32 |       |       ||   180
         Summon Lightning  |       |       |     3 |    35 |    88 |    29 |       |       ||   155
         Animate Dead      |       |       |       |    14 |    66 |    38 |    18 |     5 ||   141
         Death Channel     |       |       |       |       |    65 |    50 |    24 |    15 ||   154
         Haunt             |       |       |       |       |     1 |   185 |   202 |   165 ||   553
         Borgnjor's Vile C |       |       |       |       |       |    43 |   134 |   111 ||   288
         Infestation       |       |       |       |       |       |   112 |   237 |   186 ||   535
         Dispel Undead     |       |       |       |       |       |       |    21 |     6 ||    27
         Maxwell's Capacit |       |       |       |       |       |       |       |   114 ||   114
         Death's Door      |       |       |       |       |       |       |       |    44 ||    44
         Blink             |       |       |       |       |       |       |       |     4 ||     4
 Invoke: Receive Forbidden |       |       |       |       |     1 |       |       |       ||     1
         Unearth Wretches  |       |       |       |       |    26 |       |       |       ||    26
  Evoke: Wand              |       |       |     2 |    10 |    23 |       |       |     2 ||    37
         Tin of tremorston |       |       |       |       |     2 |     2 |       |       ||     4
         Phantom mirror    |       |       |       |       |       |     1 |     1 |       ||     2
    Use: Scroll            |       |     6 |       |    14 |    11 |    13 |     3 |    11 ||    58
         Potion            |       |     2 |       |     2 |     6 |    14 |     3 |    11 ||    38
   Stab: Paralysed         |       |       |       |       |     3 |       |       |       ||     3
         Distracted        |       |       |       |       |     1 |       |       |       ||     1
 Armour: Skin              |    13 |    51 |    49 |    67 |   196 |   161 |   150 |   317 ||  1004
  Dodge: Dodged            |    28 |   183 |   178 |   184 |   596 |   198 |   232 |   534 ||  2133
  Block: Other             |       |       |       |       |       |    11 |    25 |    67 ||   103
         Reflection        |       |       |       |       |       |     5 |     2 |     1 ||     8

Table legend: (Time is in decaauts)
 A = Elapsed time spent in this place.
 B = Non-inter-level travel time spent in this place.
 C = Inter-level travel time spent in this place.
 D = Time resting spent in this place.
 E = Time spent auto-exploring this place.
 F = Levels seen in this place.
 G = Mean time per level.
                   A        B        C        D        E       F      G
               +--------+--------+--------+--------+--------+-----+--------+
         Total |  60739 |  56692 |   4047 |  12812 |  16624 |  55 | 1104.3 |
       Dungeon |  20429 |  18836 |   1593 |   5136 |   7831 |  15 | 1361.9 |
        Temple |     37 |     28 |      9 |      0 |      0 |   1 |   37.0 |
          Lair |   8378 |   7575 |    803 |   2210 |   2547 |   5 | 1675.6 |
        Shoals |   2791 |   2615 |    176 |     25 |   1263 |   4 |  697.8 |
     Snake Pit |   4256 |   3956 |    300 |    404 |   1039 |   4 | 1064.0 |
    Slime Pits |   1350 |   1160 |    190 |    302 |    239 |   5 |  270.0 |
  Orcish Mines |   2902 |   2687 |    215 |    827 |    551 |   2 | 1451.0 |
   Elven Halls |   3095 |   3004 |     91 |     18 |    904 |   3 | 1031.7 |
        Vaults |   4608 |   4289 |    319 |    185 |   1150 |   4 | 1152.0 |
         Crypt |    827 |    753 |     74 |    106 |    194 |   2 |  413.5 |
        Depths |   6018 |   5834 |    184 |   1789 |    905 |   4 | 1504.5 |
           Zot |   5859 |   5770 |     89 |   1809 |      0 |   5 | 1171.8 |
       Volcano |    185 |    185 |      0 |      0 |      0 |   1 |  185.0 |
               +--------+--------+--------+--------+--------+-----+--------+

Top non-repeatable levels by time:
  Lair:5: 2512 daAuts
Depths:4: 2218 daAuts
     D:9: 2205 daAuts
   Orc:2: 1832 daAuts
   Zot:3: 1774 daAuts
   Zot:2: 1731 daAuts
     D:5: 1709 daAuts
  Lair:4: 1647 daAuts
     D:6: 1609 daAuts
    D:12: 1582 daAuts
Vaults:2: 1560 daAuts
     D:2: 1512 daAuts
  Lair:1: 1503 daAuts
     D:3: 1495 daAuts
    D:10: 1492 daAuts
